 Dungeon Crawl Stone Soup version 0.31-a0-662-g684573625c (webtiles) character file.

Game seed: 6329847248050819657

6140 cforsyth the Prestidigitator (level 10, -5/71 HPs)
             Began as a Gnoll Artificer on Aug 31, 2023.
             Was a Priest of Hepliaklqana.
             Killed by an exploding themself (41 damage)
             ... ignited by their inner flame
             ... in a bailey.
             The game lasted 00:17:24 (9874 turns).

cforsyth the Prestidigitator (Gnoll Artificer)      Turns: 9874, Time: 00:17:25

Health: -5/71      AC: 15    Str: 12    XL:     10   Next: 90%
Magic:  6/18       EV: 14    Int: 14    God:    Hepliaklqana [***...]
Gold:   464        SH:  5    Dex: 19    Spells: 17/20 levels left

rFire   . . .        y - +1 long sword
rCold   . . .        (no shield)
rNeg    . . .        A - +4 ring mail
rPois   .            (no helmet)
rElec   .            w - +0 cloak {Will+}
rCorr   +            (no gloves)
SInv    .            H - +2 pair of boots {Fly}
Will    +....        p - amulet of reflection
Stlth   +++          j - +6 ring of dexterity
HPRegen 0.31/turn    k - ring of resist corrosion
MPRegen 0.16/turn

%: reflection
@: flying, studying Fighting
A: reduced essence, fangs 1, strong nose, distributed training
a: Renounce Religion, Recall Ancestor, Ancestor Identity, Transference


You were in a bailey.
You worshipped Hepliaklqana.
Hepliaklqana was most pleased with you.
You visited 2 branches of the dungeon, and saw 10 of its levels.
You also visited: Bailey.

You collected 464 gold pieces.

Inventory:

Hand Weapons
 a - a +0 club
 y - a +1 long sword (weapon)
Missiles
 b - 2 throwing nets
Armour
 w - a +0 cloak of willpower (worn)
 A - a +4 ring mail (worn)
 H - a +2 pair of boots of flying (worn)
Jewellery
 j - a +6 ring of dexterity (left hand)
 k - a ring of resist corrosion (right hand)
 p - an amulet of reflection (around neck)
 C - a ring of positive energy
 G - an amulet of the acrobat
Wands
 d - a wand of charming (20)
 F - a wand of roots (2)
 L - a wand of flame (8)
Scrolls
 c - 2 scrolls of vulnerability
 e - a scroll of enchant armour {unknown}
 f - 4 scrolls of blinking
 h - 3 scrolls of teleportation
 l - a scroll of fog {unknown}
 n - a scroll of poison {unknown}
 o - 3 scrolls of immolation
 q - 2 scrolls of identify
 t - a scroll of noise {unknown}
 B - a scroll of amnesia {unknown}
 I - a scroll of enchant weapon
Potions
 g - 2 potions of resistance {unknown}
 i - a potion of berserk rage {unknown}
 m - 2 potions of enlightenment {unknown}
 r - 2 potions of curing {unknown}
 s - 3 potions of heal wounds
 u - 2 potions of cancellation {unknown}
 v - 2 potions of might {unknown}
 x - a potion of invisibility {unknown}
 z - a potion of degeneration {unknown}
 D - 2 potions of mutation {unknown}
 E - a potion of brilliance {unknown}


   Skills:
 + Level 7.1 Fighting
 + Level 5.8 Short Blades
 + Level 5.8 Long Blades
 + Level 5.8 Axes
 + Level 5.8 Maces & Flails
 + Level 5.8 Polearms
 + Level 5.8 Staves
 + Level 5.8 Ranged Weapons
 + Level 5.8 Throwing
 + Level 7.5 Armour
 + Level 6.4 Dodging
 + Level 6.3 Stealth
 + Level 5.8 Shields
 + Level 5.8 Unarmed Combat
 + Level 5.8 Spellcasting
 + Level 4.8 Conjurations
 + Level 4.8 Hexes
 + Level 4.8 Summonings
 + Level 4.8 Necromancy
 + Level 4.8 Translocations
 + Level 4.8 Transmutations
 + Level 4.8 Fire Magic
 + Level 4.8 Ice Magic
 + Level 4.8 Air Magic
 + Level 4.8 Earth Magic
 + Level 4.8 Poison Magic
 + Level 6.4 Invocations
 + Level 8.9 Evocations
 + Level 5.3 Shapeshifting


You had 17 spell levels left.
You knew the following spells:

 Your Spells              Type           Power      Damage    Failure   Level
d - Summon Guardian Gole  Hex/Summ       17%        N/A       13%         3

Your spell library contained the following spells:

 Spells                   Type           Power      Damage    Failure   Level
 Shock                    Conj/Air       68%        1d7       4%          1
 Ensorcelled Hibernation  Hex/Ice        34%        N/A       7%          2
 Swiftness                Air            17%        N/A       13%         3
 Airstrike                Air            8%         2d(2-18)  41%         4
 Anguish                  Hex/Necr       8%         N/A       41%         4
 Animate Dead             Necr           17%        N/A       41%         4
 Haunt                    Necr/Summ      8%         N/A       100%        7
 Orb of Destruction       Conj           8%         9d6       100%        7
 Spellforged Servitor     Conj/Summ      8%         N/A       100%        7
 Infestation              Necr           8%         N/A       100%        8


Dungeon Overview and Level Annotations

Branches:
Dungeon (9/15)             Temple (1/1) D:6          Bailey (1/1)
   Lair: D:8-11         Orc: D:9-12

Altars:
Ashenzari
Dithmenos
Elyvilon
Fedhas
Gozag
Hepliaklqana
Kikubaaqudgha
Makhleb
Nemelex Xobeh
Okawaru
Qazlal
Ru
Trog
Wu Jian
Xom
Yredelemnul
Zin
The Shining One

Shops:
D:9 *

Annotations:
D:4 Edmund


Innate Abilities, Weirdness & Mutations

Your life essence is reduced to manifest your ancestor. (-10% HP)
You have very sharp teeth.
Your uncanny sense of smell can sniff out nearby items.
Your experience applies equally to all skills.


Message History

The grasping roots constrict the orc warlord!
The orc warlord escapes!
Aiming: Fastroot
Press: ? - help, Shift-Dir - straight line, f/p - orc warlord
Aim: an orc warlord, wielding a +7 broad axe and wearing a +0 chain mail (severely wounded, ally target)
The roots erupt in riotous growth!
Roots grab the orc warlord.
Your guardian golem is unaffected.
The grasping roots constrict the orc warlord!
You hear a shout!
The orc warlord escapes!
Aiming: Throw Flame
Press: ? - help, Shift-Dir - straight line, f/p - orc warlord
Aim: an orc warlord, wielding a +7 broad axe and wearing a +0 chain mail (almost dead, ally target, 82% to hit)
The puff of flame misses the orc warlord.
The orc warlord hits you with a +7 broad axe!
The orc warlord hits your guardian golem with a +7 broad axe!
Your magical contamination has completely faded away.
Unknown command.
Aiming: Throw Flame
Press: ? - help, Shift-Dir - straight line, f/p - orc warlord
Aim: an orc warlord, wielding a +7 broad axe and wearing a +0 chain mail (almost dead, ally target, 82% to hit)
The puff of flame hits the orc warlord.
The orc warlord is almost dead.
The orc warlord hits you with a +7 broad axe!
The orc warlord hits your guardian golem with a +7 broad axe!
Your guardian golem overheats!
Aiming: Throw Flame
Press: ? - help, Shift-Dir - straight line, f/p - orc warlord
Aim: an orc warlord, wielding a +7 broad axe and wearing a +0 chain mail (almost dead, ally target, 82% to hit)
The puff of flame misses the orc warlord.
The orc warlord hits you with a +7 broad axe!
The orc warlord hits your guardian golem with a +7 broad axe!!
Your guardian golem disappears in a puff of smoke!
Your guardian golem explodes!
The fiery explosion engulfs the orc warlord!!
The orc warlord dies!
The fiery explosion engulfs you!!!
Ouch! That really hurt!
You die...

## ### ###.### ###.###
###.....### ###.....###
##.........###.........##
#...........#...........#
#..........)')..........#
#.....⌠.....#)....⌠.....#
#...........#..).)......#
#....○☼..)§@#.......))).#
##.))§.○.§§###......)..###
#)#.○°○.###
###....)#'#.### .o.###.###
###.###.....# ∆ ..... ###
∆###..)..... !......
∆∆#...)..... .......
∆∆#...)..... .o..⌠..
∆∆#.....⌠... .......
∆∆#.........


There were no monsters in sight!

Vanquished Creatures
  Pikel (D:4)
  Sigmund (D:2)
  2 yaks (D:9)
  A wyvern (D:8)
  Menkaure (D:5)
  An acid dragon (D:8)
  A water moccasin (D:6)
  A sky beast (D:6)
  2 orc warriors (Bailey)
  2 black bears (D:5)
  A phantom (D:7)
  2 lemures (D:3)
  A bullfrog (D:7)
  2 scorpions
  A wight (D:8)
  A jelly (D:6)
  9 hounds
  An orc priest (D:5)
  Crazy Yiuf (D:4)
  Ijyb (D:3)
  2 sleepcaps
  3 iguanas
  Natasha (twice) (D:2)
  An orc wizard (D:5)
  11 gnolls
  8 adders
  A white imp (D:6)
  4 worms
  5 dart slugs
  23 orcs
  3 endoplasms
  2 giant cockroaches
  12 goblins
  9 hobgoblins
  4 quokkas
  3 ball pythons
  7 bats
  A frilled lizard (D:1)
  6 kobolds
  5 rats
145 creatures vanquished.

Vanquished Creatures (collateral kills)
  Maurice (D:8)
  3 yaks (D:9)
  A wyvern (D:7)
  2 steam dragons
  2 black bears
  5 orc warriors
  A centaur (D:6)
  A kobold brigand (D:6)
  2 bullfrogs (D:7)
  4 scorpions
  4 wights
  A howler monkey (D:7)
  A crimson imp (D:6)
  A hound (D:5)
  2 orc priests
  2 sleepcaps
  An iguana (D:6)
  4 orc wizards
  6 gnolls
  An adder (D:6)
  An ufetubus (D:4)
  A dart slug (D:5)
  18 orcs
  6 goblins
  5 hobgoblins (Bailey)
  A ball python (D:4)
  A kobold (D:6)
  2 butterflies
80 creatures vanquished.

Vanquished Creatures (others)
  An orc warlord (Bailey)
  Grinder (D:4)
  An orc warrior (Bailey)
  A gnoll bouda (D:5)
  A battlemage (Bailey)
  A gnoll (D:4)
  An ufetubus (D:7)
  A kobold (D:6)
8 creatures vanquished.

Grand Total: 233 creatures vanquished

Notes
Turn   | Place    | Note
-------+----------+-------------------------------------------
     0 | D:1      | cforsyth the Gnoll Artificer began the quest for the Orb.
     0 | D:1      | Reached XP level 1. HP: 17/17 MP: 1/1
     2 | D:1      | Noticed an armataur
     2 | D:1      | Noticed a demigod
     4 | D:1      | Noticed a meteoran
     6 | D:1      | Noticed a vine stalker
     6 | D:1      | Noticed a demonspawn
     8 | D:1      | Noticed a merfolk
     8 | D:1      | Noticed an elf
    10 | D:1      | Noticed a felid
    10 | D:1      | Noticed a troll
    12 | D:1      | Noticed a ghoul
    12 | D:1      | Noticed a vampire
    14 | D:1      | Noticed a naga
    16 | D:1      | Noticed a gargoyle
    16 | D:1      | Noticed an octopode
    18 | D:1      | Noticed an ogre
    20 | D:1      | Noticed a formicid
    20 | D:1      | Noticed a spriggan
    22 | D:1      | Noticed a draconian
    22 | D:1      | Noticed a minotaur
    24 | D:1      | Noticed an armataur
    24 | D:1      | Noticed a tengu
    26 | D:1      | Noticed a draconian
    26 | D:1      | Noticed a spriggan
   207 | D:1      | Reached XP level 2. HP: 23/23 MP: 2/2
   891 | D:2      | Noticed Sigmund
  1098 | D:2      | Killed Sigmund
  1099 | D:2      | Reached skill level 1 in Short Blades
  1099 | D:2      | Reached skill level 1 in Long Blades
  1099 | D:2      | Reached skill level 1 in Axes
  1099 | D:2      | Reached skill level 1 in Maces & Flails
  1099 | D:2      | Reached skill level 1 in Polearms
  1099 | D:2      | Reached skill level 1 in Staves
  1099 | D:2      | Reached skill level 1 in Ranged Weapons
  1099 | D:2      | Reached skill level 1 in Throwing
  1099 | D:2      | Reached skill level 1 in Shields
  1099 | D:2      | Reached skill level 1 in Unarmed Combat
  1099 | D:2      | Reached skill level 1 in Spellcasting
  1099 | D:2      | Reached skill level 1 in Conjurations
  1099 | D:2      | Reached skill level 1 in Hexes
  1099 | D:2      | Reached skill level 1 in Summonings
  1099 | D:2      | Reached skill level 1 in Necromancy
  1099 | D:2      | Reached skill level 1 in Translocations
  1099 | D:2      | Reached skill level 1 in Transmutations
  1099 | D:2      | Reached skill level 1 in Fire Magic
  1099 | D:2      | Reached skill level 1 in Ice Magic
  1099 | D:2      | Reached skill level 1 in Air Magic
  1099 | D:2      | Reached skill level 1 in Earth Magic
  1099 | D:2      | Reached skill level 1 in Poison Magic
  1099 | D:2      | Reached skill level 1 in Invocations
  1099 | D:2      | Reached skill level 1 in Shapeshifting
  1099 | D:2      | Reached XP level 3. HP: 26/29 MP: 2/5
  1099 | D:2      | Reached XP level 4. HP: 32/35 MP: 2/6
  1099 | D:2      | Reached XP level 5. HP: 37/41 MP: 2/7
  1260 | D:2      | Noticed Natasha
  1263 | D:2      | Killed Natasha
  1264 | D:2      | Reached XP level 6. HP: 47/47 MP: 8/8
  1955 | D:2      | Noticed Natasha
  1973 | D:2      | Killed Natasha
  1974 | D:2      | Reached skill level 5 in Armour
  2513 | D:3      | Noticed Ijyb
  2518 | D:3      | Killed Ijyb
  3183 | D:3      | Found a hazy altar of Hepliaklqana.
  3370 | D:3      | Became a worshipper of Hepliaklqana the Forgotten
  3447 | D:3      | Found a faded altar of an unknown god.
  3661 | D:4      | Reached skill level 7 in Evocations
  3661 | D:4      | Reached XP level 7. HP: 28/52 MP: 10/10
  3979 | D:4      | Found a runed translucent door.
  3980 | D:4      | Noticed Crazy Yiuf
  4106 | D:4      | Noticed Pikel
  4277 | D:4      | Noticed Grinder
  4285 | D:4      | Noticed Edmund
  4688 | D:4      | Paralysed by Grinder for 2 turns
  4695 | D:4      | Your ally Grinder died
  4696 | D:4      | Killed Pikel
  4697 | D:4      | Reached XP level 8. HP: 55/60 MP: 10/12
  4957 | D:4      | Reached * piety under Hepliaklqana
  5059 | D:4      | Found a shadowy altar of Dithmenos.
  5441 | D:4      | Killed Crazy Yiuf
  5468 | D:5      | Entered Level 5 of the Dungeon
  6185 | D:5      | Noticed Menkaure
  6194 | D:5      | Killed Menkaure
  6195 | D:5      | Reached XP level 9. HP: 33/59 MP: 14/14
  6199 | D:5      | Learned a level 3 spell: Summon Guardian Golem
  6942 | D:6      | Found a staircase to the Ecumenical Temple.
  6969 | D:6      | Found a shimmering altar of Xom.
  6969 | D:6      | Found a burning altar of Makhleb.
  6998 | Temple   | Entered the Ecumenical Temple
  7025 | D:6      | Reached ** piety under Hepliaklqana
  7026 | D:6      | Remembered your ancestor Bintanath as a battlemage
  7296 | D:6      | Reached skill level 5 in Fighting
  7296 | D:6      | Reached skill level 5 in Dodging
  7449 | D:6      | Reached skill level 5 in Stealth
  7492 | D:6      | Reached skill level 8 in Evocations
  7943 | D:7      | Reached skill level 5 in Invocations
  8196 | D:7      | Reached XP level 10. HP: 59/67 MP: 17/17
  8202 | D:7      | Reached skill level 5 in Short Blades
  8202 | D:7      | Reached skill level 5 in Long Blades
  8202 | D:7      | Reached skill level 5 in Axes
  8202 | D:7      | Reached skill level 5 in Maces & Flails
  8202 | D:7      | Reached skill level 5 in Polearms
  8202 | D:7      | Reached skill level 5 in Staves
  8202 | D:7      | Reached skill level 5 in Ranged Weapons
  8202 | D:7      | Reached skill level 5 in Throwing
  8202 | D:7      | Reached skill level 5 in Shields
  8202 | D:7      | Reached skill level 5 in Unarmed Combat
  8202 | D:7      | Reached skill level 5 in Spellcasting
  9103 | D:8      | Noticed Maurice
  9118 | D:8      | Killed Maurice
  9167 | D:8      | Reached *** piety under Hepliaklqana
  9514 | D:9      | Reached skill level 5 in Shapeshifting
  9542 | D:9      | Found Ypuodonna's Lightly-Used Armoury.
  9557 | D:9      | Found a flagged portal.
  9629 | Bailey   | Entered a bailey
  9846 | Bailey   | Noticed an orc warlord
  9874 | Bailey   | Killed an orc warlord
  9874 | Bailey   | Killed by an exploding themself... ignited by their inner
                  | flame

Illustrated notes

Levels and vault maps discovered:
D:1:      kb_arrival_jail, layout_loops_ring
D:2:      layout_basic, feat_on_display, uniq_sigmund, uniq_natasha
D:3:      layout_loops_cross, nicolae_hepliaklqana_hippocampus,
          dreamdust_ecumenical_altar_angels_and_demons, uniq_ijyb
D:4:      layout_basic, mainiacjoe_overflow_surrounded_room, uniq_grinder,
          uniq_crazy_yiuf_cottage, uniq_edmund, uniq_pikel
D:5:      layout_cave_pods, st_stairs_5, uniq_menkaure
D:6:      minmay_inner_zag, layout_loops_ring,
          grunt_temple_overflow_champion_of_chaos,
          minmay_temple_entry_butterflies
D:7:      layout_cave_pods, minmay_manual_mess
D:8:      layout_gridville, uniq_maurice
D:9:      layout_stronghold, cheibrodos_worm_habitat,
          gammafunk_temple_overflow_elements, enter_bailey_3,
          ebering_ghost_funeral_grove, minmay_shop_damaged, minmay_crystal_water
Temple:   nicolae_temple_superstar
Bailey:   bailey_axe_minmay_hex_keep, bailey

Skill      XL: |  1  2  3  4  5  6  7  8  9 10 |
---------------+-------------------------------+-----
Fighting       | 3 4 5 7 |  7.1
Short Blades   | 1 2 3 4 5 |  5.8
Long Blades    | 1 2 3 4 5 |  5.8
Axes           | 1 2 3 4 5 |  5.8
Maces & Flails | 1 2 3 4 5 |  5.8
Polearms       | 1 2 3 4 5 |  5.8
Staves         | 1 2 3 4 5 |  5.8
Ranged Weapons | 1 2 3 4 5 |  5.8
Throwing       | 1 2 3 4 5 |  5.8
Dodging        | 3 4 5 6 |  6.4
Shields        | 1 2 3 4 5 |  5.8
Unarmed Combat | 1 2 3 4 5 |  5.8
Spellcasting   | 1 2 3 4 5 |  5.8
Conjurations   | 1 2 3 4 |  4.8
Hexes          | 1 2 3 4 |  4.8
Summonings     | 1 2 3 4 |  4.8
Necromancy     | 1 2 3 4 |  4.8
Translocations | 1 2 3 4 |  4.8
Transmutations | 1 2 3 4 |  4.8
Fire Magic     | 1 2 3 4 |  4.8
Ice Magic      | 1 2 3 4 |  4.8
Air Magic      | 1 2 3 4 |  4.8
Earth Magic    | 1 2 3 4 |  4.8
Poison Magic   | 1 2 3 4 |  4.8
Invocations    | 1 2 3 4 5 6 |  6.4
Shapeshifting  | 1 2 3 4 5 |  5.3
Stealth        | 3 4 5 6 |  6.3
Armour         | 5 6 7 |  7.5
Evocations     | 7 8 |  8.9

Action                     |  1- 3 |  4- 6 |  7- 9 | 10-12 || total
---------------------------+-------+-------+-------+-------++-------
  Melee: Club              |    79 |   227 |       |       ||   306
         Bite              |     2 |    46 |    32 |    17 ||    97
         Punch             |       |     9 |    14 |     5 ||    28
         Long sword        |       |    11 |   297 |    99 ||   407
   Cast: Summon Guardian G |       |       |       |     7 ||     7
 Invoke: Ancestor Life: Ba |       |       |     1 |       ||     1
         Recall Ancestor   |       |       |       |     2 ||     2
  Evoke: Wand              |     5 |     9 |    13 |     5 ||    32
    Use: Scroll            |       |       |       |     9 ||     9
   Stab: Sleeping          |     5 |     6 |     7 |     2 ||    20
         Distracted        |       |     2 |       |       ||     2
 Armour: Leather armour    |    54 |   100 |    62 |       ||   216
         Ring mail         |       |       |   175 |    75 ||   250
  Dodge: Dodged            |    67 |   130 |   239 |    82 ||   518
  Block: Other             |       |    54 |    82 |    18 ||   154
         Reflection        |       |     1 |     2 |       ||     3

Table legend: (Time is in decaauts)
 A = Elapsed time spent in this place.
 B = Non-inter-level travel time spent in this place.
 C = Inter-level travel time spent in this place.
 D = Time resting spent in this place.
 E = Time spent auto-exploring this place.
 F = Levels seen in this place.
 G = Mean time per level.
                   A        B        C        D        E       F      G
               +--------+--------+--------+--------+--------+-----+--------+
         Total |  10027 |   9680 |    347 |    870 |   6876 |  11 |  911.5 |
       Dungeon |   9778 |   9432 |    346 |    866 |   6734 |   9 | 1086.4 |
        Temple |      1 |      1 |      0 |      0 |      0 |   1 |    1.0 |
        Bailey |    247 |    247 |      0 |      4 |    142 |   1 |  247.0 |
               +--------+--------+--------+--------+--------+-----+--------+

Top non-repeatable levels by time:
     D:4: 1769 daAuts
     D:3: 1599 daAuts
     D:2: 1450 daAuts
     D:5: 1230 daAuts
     D:1: 1009 daAuts
     D:6: 990 daAuts
     D:7: 847 daAuts
     D:8: 720 daAuts
  Bailey: 247 daAuts
     D:9: 160 daAuts
  Temple: 1 daAuts
